 Dungeon Crawl Stone Soup version 0.29-a0-283-ga02f740833 (webtiles) character file.

Game seed: 14842568103746646974

49 Dabor the Shield-Bearer (level 3, 0/24 HPs)
             Began as a Gargoyle Fighter on Mar 13, 2022.
             Slain by Sigmund
             ... wielding a +0 scythe
              (12 damage)
             ... on level 2 of the Dungeon.
             The game lasted 00:01:21 (2182 turns).

Dabor the Shield-Bearer (Gargoyle Fighter)          Turns: 2182, Time: 00:01:21

Health: 0/24       AC: 10    Str: 21    XL:     3   Next: 75%
Magic:  3/3        EV:  9    Int:  8    God:
Gold:   76         SH:  4    Dex:  9    Spells: 2/2 levels left

rFire   . . .      SeeInvis .   a - +0 flail
rCold   . . .      Faith    .   c - +0 buckler
rNeg    + . .      Spirit   .   b - +0 scale mail
rPois   ∞          Reflect  .   (no helmet)
rElec   +          Harm     +   j - scarf {harm}
rCorr   .          Rampage  .   (no gloves)
Will    .....                   (no boots)
Stlth   ..........              (no amulet)
HPRegen 0.08/turn               (no ring)
MPRegen 0.08/turn               (no ring)

@: no status effects
A: sickness immunity, AC +3, negative energy resistance 1, electricity
resistance, torment resistance 1, petrification resistance
a: no special abilities


You were on level 2 of the Dungeon.
You visited 1 branch of the dungeon, and saw 2 of its levels.

You collected 76 gold pieces.

Inventory:

Hand Weapons
 a - a +0 flail (weapon)
Armour
 b - a +0 scale mail (worn)
 c - a +0 buckler (worn)
 j - a scarf of harm (worn)
Scrolls
 e - 5 scrolls of identify {unknown}
 g - a scroll of summoning {unknown}
 h - a scroll of fear {unknown}
 i - a scroll of brand weapon {unknown}
Potions
 d - a potion of might
 f - 2 potions of mutation {unknown}
 k - 2 potions of invisibility {unknown}


   Skills:
 + Level 3.7 Fighting
 + Level 2.5 Maces & Flails
 + Level 3.8 Armour
 + Level 3.8 Shields


You had 2 spell levels left.
You didn't know any spells.
Your spell library was empty.

Dungeon Overview and Level Annotations

Branches:
Dungeon (2/15)

Altars:

Shops:
D:2 ?:

Annotations:
D:2 Sigmund


Innate Abilities, Weirdness & Mutations

You are immune to sickness and miasma.
Your stone body is resilient. (AC +3)
You are immune to poison.
You resist negative energy. (rN+)
You are resistant to electric shocks. (rElec)
You are resistant to unholy torment.
You are immune to petrification.


Message History

No target in view!
No target in view!
No target in view!
No target in view!
No target in view!
No target in view!
No target in view!
No target in view!
No target in view!
You see here a jackal corpse.
k - 2 golden potions You now have 76 gold pieces (gained 7).
Found a robe.
Found a stone staircase leading up.
Sigmund the Dreaded comes into view.
He is wielding a +0 scythe.
Found a scroll labelled ERAREFY APUFANT.
Sigmund shouts!
Sigmund gestures wildly while chanting.
Sigmund flickers and vanishes!
Deactivating autopickup; reactivate with Ctrl-A.
There is a strange disturbance nearby!
You are confused.
Something hits you but does no damage. Something hits you.
You closely miss something.
You feel less confused. Something hits you but does no damage.
You closely miss something. You miss something. Something hits you.
You miss something. You block something's attack.
You miss something. Something hits you.
You miss something.
An endoplasm comes into view.
You hear some strange, mumbled words.
A magic dart appears from out of thin air!
The magic dart hits you but does no damage.
You closely miss something. Something hits you.
You closely miss something. Something hits you!
Ouch! That really hurt!
You die...

#.......†...###
#.........##..# .
####............#..#
.............####.##
####........<..##.##
#. #
#####....##.....#
..? #
#....##.....##... #
#.......###.J..### #
#......##@..#..... #
#........{........ #
####.#.#.#....### #
#................ #
#.<#.#.#.#.###.##.
#.........[# #
####.#.#.#.#
.........#
##......###


You could see an endoplasm.

Vanquished Creatures
  An adder (D:2)
  2 dart slugs
  3 bats (D:1)
  3 endoplasms
  A goblin (D:1)
  2 hobgoblins (D:1)
  7 jackals (D:2)
  4 kobolds (D:1)
  A quokka (D:1)
  3 ball pythons
  3 rats
30 creatures vanquished.

Notes
Turn   | Place    | Note
-------+----------+-------------------------------------------
     0 | D:1      | Dabor the Gargoyle Fighter began the quest for the Orb.
     0 | D:1      | Reached XP level 1. HP: 14/14 MP: 1/1
   574 | D:1      | Reached XP level 2. HP: 19/19 MP: 2/2
  1348 | D:1      | Reached XP level 3. HP: 18/23 MP: 3/3
  1824 | D:2      | Found Qicwahou's Book Shoppe.
  2079 | D:2      | Found Batro's Magic Scroll Boutique.
  2163 | D:2      | Noticed Sigmund
  2182 | D:2      | Slain by Sigmund

Illustrated notes

Levels and vault maps discovered:
D:1:      dpeg_arrival_circle_labyrinth_a, layout_basic, minivault_27,
          chequers_decorated_corner
D:2:      layout_rooms, serial_co_window_serial, co_window_corner_a,
          co_window_of_opportunity_a, co_window_paths_a, co_window_paths_a,
          co_window_corner_a, co_window_corner_a, co_window_of_opportunity_a,
          co_window_broadway_a, co_window_of_opportunity_c, co_window_corner_ca,
          co_window_broadway_c, co_window_corner_ca, co_window_paths_d,
          glass_columns_a, glass_columns_a, glass_columns_b, glass_columns_a,
          serial_shops, nicolae_diamond_shop, shop, nicolae_diamond_shop,
          nicolae_shop_statue_plus, nicolae_shop_hallway_stairs,
          shapermc_ecumenical_altar_pompeii, minmay_misc_feat_alley,
          uniq_sigmund

Action                   || total
-------------------------++-------
Melee: Flail             ||   121
Armor: Scale mail        ||    74
Dodge: Dodged            ||    61
Block: Buckler           ||    23

Table legend: (Time is in decaauts)
 A = Elapsed time spent in this place.
 B = Non-inter-level travel time spent in this place.
 C = Inter-level travel time spent in this place.
 D = Time resting spent in this place.
 E = Time spent auto-exploring this place.
 F = Levels seen in this place.
 G = Mean time per level.
                   A        B        C        D        E       F      G
               +--------+--------+--------+--------+--------+-----+--------+
         Total |   2219 |   2102 |    117 |    508 |   1315 |   2 | 1109.5 |
       Dungeon |   2219 |   2102 |    117 |    508 |   1315 |   2 | 1109.5 |
               +--------+--------+--------+--------+--------+-----+--------+

Top non-repeatable levels by time:
     D:1: 1841 daAuts
     D:2: 377 daAuts
